[Event "Lidums Checkmate Op"]
[Site "Adelaide"]
[Date "2007.07.08"]
[Round "7.21"]
[White "Voon, Richard"]
[Black "Szuveges, Narelle"]
[Result "0-1"]
[Annotator "Fritz 10"]
[BlackElo "1702"]
[ECO "A35"]
[EventCountry "AUS"]
[EventDate "2007.07.07"]
[EventRounds "7"]
[EventType "swiss"]
[PlyCount "162"]
[TimeControl "240+2"]
[WhiteElo "1903"]

{ A38: Symmetrical English vs ...g6: 4 Bg2 Bg7 5 Nf3 Nf6 } 1. Nf3 g6 2. c4 c5 3.
Nc3 Nc6 4. d4 cxd4 5. Nxd4 Bg7 6. Nc2 Nf6 7. g3 O-O 8. Bg2 b6 9. O-O Bb7 10. b3
d6 ( 10... Rc8 11. Bb2 d6 12. Nd5 Nd7 13. Bxg7 Kxg7 14. Qd2 a6 15. Rfd1 Ba8 16.
Nce3 b5 17. Qb2+ Kg8 18. Rac1 bxc4 19. Nxc4 Rb8 20. Nce3 h5 21. Qa3 Bb7 22. Nf4
Nb4 23. Bxb7 Rxb7 24. Nfd5 a5 { 1/2-1/2 Maletin,P  ( 2538 ) -Savchenko,B  (
2569 ) /Cheboksary 2006/CBM 112}  )11. Bb2 Qd7 $146 ( 11... Na5 12. Nd5 e6 13.
b4 exd5 14. bxa5 Rc8 15. Ne3 bxa5 16. cxd5 Ba6 17. Bd4 Nd7 18. Bxg7 { 1/2-1/2
Csom,I  ( 2505 ) -Radulov,I  ( 2505 ) /Surakarta 1982/MCD}  )( 11... Qc7 12.
Rc1 Rac8 13. Bh3 Rcd8 14. Nd5 Nxd5 15. Bxg7 Ne3 16. Nxe3 Kxg7 17. Qd2 f5 18.
Nd5 Qd7 19. Bg2 Ne5 20. Nf4 Bxg2 21. Kxg2 e6 22. Rfd1 Ng4 23. f3 Nf6 24. Qe3
Rfe8 25. Rc2 g5 26. Nh5+ { Loehr,M-Stillger,B  ( 2285 ) /Germany
1995/GER/1/2-1/2  ( 43 )}  )12. Rb1 ( 12. Nd5 Ne8 13. Bxg7 Kxg7 $14 )12... Rfd8
( 12... e6 13. Qd2 $11 )13. e4 e6 { Secures d5}  14. Ne3 a6 { Prevents
intrusion on b5}  15. a4 ( 15. f4 $11 $142)15... Qc7 $4 { gives the opponent
new chances}  ( 15... Rac8 16. h3 $11 )16. Qd2 $4 { forfeits the advantage}  (
16. Ncd5 $142 { with excellent chances for White}  16... Nxd5 17. cxd5 $18
)16... Rd7 17. Rfd1 Rad8 $4 { a transit from better to worse}  ( 17... Rc8 18.
h3 $11 )18. f4 $4 { hands over the advantage to the opponent}  ( 18. Ncd5 $142
{ White would have gained the upper hand}  18... Nxd5 19. cxd5 $18 ( 19. exd5
$6 Ne7 $18 ))18... Ne7 19. Qe2 { White has an active position}  19... Qc5 20.
Kh1 d5 ( 20... Qc7 $5 $11 { is worth consideration} )21. e5 { White threatens
to win material: e5xf6}  ( 21. cxd5 exd5 22. e5 d4 $16 )21... Ne8 ( 21... Ne4
$5 22. Nxe4 dxe4 23. Rxd7 Rxd7 $16 )22. cxd5 Nxd5 ( 22... exd5 23. Rdc1 Qc8 24.
Ncxd5 Qb8 25. Nxe7+ Rxe7 $18 )23. Nexd5 ( 23. Ncxd5 $5 $142 exd5 24. Bd4 $18
)23... exd5 $16 { Black has a new passed pawn: d5}  24. Rd2 ( 24. Na2 Qe7 $16
)24... d4 25. Ne4 Bxe4 ( 25... Qb4 26. Rd3 $14 )26. Bxe4 b5 ( 26... f6 $5 27.
Rc1 Qb4 $18 )27. axb5 axb5 28. Qd3 ( 28. Rc1 Qb6 $18 )28... Nc7 { Begins the
manoeuvre Ne8-c7-b5-c3}  ( 28... f6 $5 $142 29. e6 Re7 30. Bxd4 Qh5 $18 )29.
Rc1 $18 Qb6 ( 29... Qe7 $142 30. Bc6 f6 31. Bxd7 Rxd7 32. exf6 Bxf6 $18 )30.
Ba3 ( 30. Bc6 $5 $18 $142)30... b4 ( 30... Nd5 31. Bc5 ( 31. Qxd4 $143 Qa5 $15
)31... Qa6 32. Bxd4 ( 32. Qxd4 $143 Nb6 33. Bxb6 Rxd4 34. Bxd4 Qe6 $11 )32...
Nxf4 33. gxf4 Rxd4 34. Qxd4 Rxd4 35. Rxd4 $14 )31. Bb2 Nb5 32. Ra1 ( 32. Bc6 $5
$142 Nc3 33. Bxd7 Rxd7 34. Qc4 $16 ( 34. Bxc3 $6 bxc3 35. Ra2 Qxb3 36. Ra8+ Bf8
$14 ))32... Nc3 $14 { The knight dominates}  33. Bf3 ( 33. Ra6 Qc5 $14 )33...
Ra7 34. Rxa7 Qxa7 35. Qc4 { White threatens to win material: Qc4xb4}  35... Qb6
36. Kg2 Bf8 37. Rf2 ( 37. Rd3 Qc5 $11 )37... Bc5 38. h4 $4 { White has let it
slip away}  ( 38. Rd2 Bf8 $11 )38... Qb5 ( 38... d3 39. Bxc3 bxc3 $19 ( 39...
Bxf2 $6 { is much worse}  40. Qxb4 Qxb4 41. Bxb4 $19 ))39. Qxb5 $11 Nxb5 40. h5
( 40. Be4 $11 $142 { would allow White to play on} )40... d3 $17 41. Rf1 d2 42.
hxg6 hxg6 43. Bd1 $2 ( 43. Ra1 Bd4 44. Ra5 Nc7 45. Bxd4 Rxd4 $19 )43... Bd4 $4
{ Black lets it slip away}  ( 43... Ra8 $142 { secures the point}  44. e6 Nc3
45. Bxc3 bxc3 $19 )44. Bxd4 $17 Rxd4 45. Kf3 Rd3+ 46. Ke2 Rxg3 ( 46... Rd5 $5
$17 $142)47. Kxd2 $11 Nd4 { Attacking the isolated pawn on b3}  48. Kc1 ( 48.
Re1 $5 $11 { looks like a viable alternative} )48... Nxb3+ 49. Kb2 ( 49. Bxb3
$5 Rxb3 50. Kd2 $17 )49... Nd4 50. Rf2 Kf8 51. Ba4 Ke7 52. Rd2 Ne6 53. Rd7+ (
53. Rf2 Re3 $19 )53... Kf8 54. Rb7 Nxf4 55. Bb3 ( 55. Rb8+ Kg7 56. Rb5 $19
)55... Ne6 ( 55... Nd3+ $142 { and Black can already relax}  56. Kc2 Nc5 57.
Rxf7+ Ke8 $19 )56. Rb5 $4 { White has lost his nerve... understandable when you
consider his position}  ( 56. Bxe6 $142 fxe6 57. Rb8+ Kg7 58. Rb7+ Kh6 59. Rb6
$19 )56... Nc5 { Black threatens to win material: Nc5xb3}  ( 56... Rxb3+ $142 {
and Black wins}  57. Kxb3 Nd4+ 58. Kxb4 Nxb5 $19 )57. Rb8+ $4 { with this move
White loses his initiative}  ( 57. Rxc5 $142 { this is the best way to fight
back}  57... Re3 58. Rc8+ Ke7 59. Rc7+ Kd8 60. Rc5 $11 )57... Ke7 $19 58. Ba2 (
58. Bd5 { cannot undo what has already been done}  58... Re3 59. Rb5 Re2+ 60.
Kb1 Rxe5 $19 )58... Nd3+ ( 58... b3 $142 { seems even better}  59. Bb1 $19 )59.
Kc2 Nxe5 60. Rb5 ( 60. Rxb4 Rg2+ 61. Kb3 g5 $19 )60... Nd7 ( 60... Nc6 { keeps
an even firmer grip}  61. Rb7+ Kd6 62. Bxf7 $19 )61. Rb7 ( 61. Rxb4 Rg2+ 62.
Kb1 f5 $19 )61... f5 62. Bc4 ( 62. Rxb4 { cannot change destiny}  62... Rg2+
63. Kb1 g5 $19 )62... Kd6 ( 62... Rc3+ $142 { secures victory}  63. Kd2 Rxc4
$19 )63. Bf7 ( 63. Rxb4 { does not win a prize}  63... Rg4 64. Kc3 Ne5 $19
)63... Ne5 64. Be8 Kd5 ( 64... Rc3+ $142 { makes it even easier for Black}  65.
Kd2 Rc4 66. Bxg6 Rd4+ 67. Ke3 Re4+ 68. Kd2 Nxg6 69. Rb6+ Kd5 70. Rxg6 Rd4+ 71.
Kc2 $19 )65. Rb6 ( 65. Rb5+ { doesn't improve anything}  65... Kd4 66. Rxb4+
Ke3 67. Rb3+ Kf2 $19 )65... g5 ( 65... Kc4 $142 { might be the shorter path} 
66. Bb5+ Kc5 67. Rb8 b3+ 68. Kb2 $19 )66. Rb5+ Ke4 67. Rxb4+ Ke3 68. Rb5 Nf3
69. Rb3+ Kf2 70. Rb2 ( 70. Rb4 { is not much help}  70... Ne1+ 71. Kd2 Rd3+ 72.
Kc1 f4 $19 )70... Nd4+ 71. Kd2 ( 71. Kb1+ { does not solve anything}  71... Ke3
$19 )71... f4 ( 71... Re3 { might be the shorter path}  72. Bb5 Nxb5 73. Kd1+
Kf1 74. Rxb5 $19 )72. Bd7 ( 72. Bh5 { doesn't change the outcome of the game} 
72... Rh3 73. Bg4 Rb3 $19 )72... Re3 73. Rb4 ( 73. Bg4 { is no salvation} 
73... Kg3 74. Bd1 Nf3+ 75. Kc1 Ne5 $19 )73... Nf3+ 74. Kc2 Ne5 75. Be6 ( 75.
Bc8 $19 { no good, but what else?} )75... Nc6 76. Rb6 ( 76. Rxf4+ { is not the
saving move}  76... gxf4 77. Bf7 Ke1 $19 )76... Rxe6 77. Kc3 g4 78. Rb2+ Re2
79. Rb6 Ne5 80. Kd4 g3 81. Rf6 f3 ( 81... f3 82. Rf8 g2 83. Rf4 g1=Q 84. Re4
Rd2+ 85. Kxe5 Qg5+ 86. Ke6 Qg6+ 87. Ke7 Qxe4+ 88. Kf7 Rd6 89. Kg8 Rd7 90. Kh8
Qh7# ) 0-1